 Dungeon Crawl Stone Soup version 0.24.0-13-gcf9b319 (webtiles) character file.

Game seed: 1641244584250251359, levelgen mode: deterministic

42 Fang the Skirmisher (level 3, -1/36 HPs)
             Began as a Gargoyle Berserker on Nov 24, 2019.
             Was a Believer of Trog.
             Slain by an orc
             ... wielding a +0 flail
              (9 damage)
             ... on level 3 of the Dungeon on Nov 25, 2019.
             The game lasted 00:01:59 (1279 turns).

Fang the Skirmisher (Gargoyle Berserker)            Turns: 1279, Time: 00:02:00

Health: -1/36      AC:  5    Str: 26    XL:     3   Next: 56%
Magic:  3/3        EV: 12    Int:  7    God:    Trog [**....]
Gold:   86         SH:  0    Dex:  9    Spells: 2/2 levels left

rFire    . . .     SeeInvis .   a - +0 hand axe
rCold    . . .     Gourm    .   (no shield)
rNeg     + . .     Faith    .   b - +0 animal skin
rPois    ∞         Spirit   .   (no helmet)
rElec    +         Reflect  .   (no cloak)
rCorr    .         Harm     .   (no gloves)
MR       .....                  (no boots)
Stlth    ..........             (no amulet)
HPRegen  0.12/turn              h - ring of stealth
MPRegen  0.08/turn              (no ring)

@: berserking, very quick
A: negative energy resistance 1, electricity resistance, unbreathing,
petrification resistance, rot immunity, AC +3
a: Berserk, Trog's Hand, Renounce Religion


You were on level 3 of the Dungeon.
You worshipped Trog.
Trog was pleased with you.
You were near starving.

You visited 1 branch of the dungeon, and saw 3 of its levels.

You collected 86 gold pieces.

Inventory:

Hand Weapons
 a - a +0 hand axe (weapon)
Armour
 b - a +0 animal skin (worn)
Jewellery
 h - a ring of stealth (left hand)
Scrolls
 d - 3 scrolls of noise {unknown}
 e - 5 scrolls of immolation {unknown}
 f - a scroll of fear {unknown}
 g - 2 scrolls of enchant weapon {unknown}
 i - 3 scrolls of identify {unknown}
 j - 3 scrolls of remove curse {unknown}
 l - 2 scrolls of random uselessness {unknown}
 m - 2 scrolls of teleportation {unknown}
 n - a scroll of fog {unknown}
Potions
 k - a potion of agility {unknown}
Comestibles
 c - 5 rations


   Skills:
 + Level 3.7 Fighting
 + Level 3.1 Axes
 + Level 2.8 Armour
 + Level 2.0 Dodging


You had 2 spell levels left.
You didn't know any spells.
Your spell library was empty.

Dungeon Overview and Level Annotations

Branches:
Dungeon (3/15)

Altars:
Ru
Sif Muna
Zin


Innate Abilities, Weirdness & Mutations

You are resistant to torment.
Your stone body is resilient. (AC +3)
You are immune to poison.
You resist negative energy. (rN+)
You are resistant to electric shocks. (rElec)
You can survive without breathing.
You are immune to petrification.
You are immune to rotting.


Message History

* * * LOW HITPOINT WARNING * * *
You are too injured to fight recklessly!
You are too injured to fight recklessly!
You are too injured to fight recklessly!
You are too injured to fight recklessly!
You are too injured to fight recklessly!
You are too injured to fight recklessly!
You are too injured to fight recklessly!
You are too injured to fight recklessly!
You are too injured to fight recklessly!
You are too injured to fight recklessly!
A red film seems to cover your vision as you go berserk!
You feel yourself moving faster!
You feel mighty!
You are near starving!
The orc wizard closely misses you.
The orc wizard casts a spell.
The orc wizard flickers and vanishes!
Deactivating autopickup; reactivate with Ctrl-A.
The orc hits you with a +0 flail!
You die...

.# .# .# ##
#.# # ###.
..#.#
...#o...#
#.oo{# #@#
# #.#.#
####.#.#
#.....<#
#.##.######
# #......#
######.#
#.# #.#


You could see an orc wizard and 2 orcs.

Vanquished Creatures
  2 oozes
  2 leopard geckos
  An orc (D:3)
  3 giant cockroaches
  4 goblins (D:1)
  8 hobgoblins
  2 bats (D:1)
  A frilled lizard (D:1)
  4 kobolds
  2 rats (D:2)
29 creatures vanquished.

Notes
Turn   | Place    | Note
-------+----------+-------------------------------------------
     0 | D:1      | Fang the Gargoyle Berserker began the quest for the Orb.
     0 | D:1      | Reached XP level 1. HP: 14/14 MP: 1/1
   112 | D:1      | Reached XP level 2. HP: 17/19 MP: 2/2
   565 | D:2      | Found a shimmering blue altar of Sif Muna.
   594 | D:2      | Reached XP level 3. HP: 11/24 MP: 3/3
   596 | D:2      | Reached ** piety under Trog
   795 | D:2      | Found a glowing silver altar of Zin.
   923 | D:2      | Found a sacrificial altar of Ru.
  1279 | D:3      | Slain by an orc

Levels and vault maps discovered:
D:1:      minmay_arrival_plants_in_alcoves, layout_loops_ring
D:2:      layout_basic, lemuel_doored_altar, old_standard_altar,
          nicolae_overflow_hidden_temple
D:3:      layout_loops_ring, first_ration, chequers_ecumenical_altar_lobes,
          uniq_jessica

Skill      XL: |  1  2  3 |
---------------+----------+-----
Axes           | 3 |  3.1
Dodging        | 2 |  2.0
Fighting       | |  3.7
Armour         | |  2.8

Action                   || total
-------------------------++-------
Melee: Hand axe          ||    73
Invok: Berserk           ||     2
 Stab: Sleeping          ||     4
  Eat: Chunk             ||     1
Armor: Animal skin       ||    18
Dodge: Dodged            ||    55
